AoeStats
← carlosnour

Oasis

509087482Analyzed
4v4 RM · 7d ago on Sep 25, 2026· 70m 31s· 8 players
Game mode
Random Map
Map size
Large (8 player)
Population
200
Speed
Normal
Resources
Standard
Victory
Conquest
Starting age
Dark Age
Ending age
Imperial Age
RankedLock teamsTeams togetherTeam positionsShared explorationLock speedFull tech treeHidden civsTurbo modeCheats
Victory
Defeat
🇨🇳 Teutons · China
613
+17
🇦🇺 Persians · Australia
581
+19
🇨🇳 Franks · China
570
+19
🇺🇦 Chinese · Ukraine
567
+19
🇮🇹 Bohemians · Italy
817
-26
🇺🇸 Malians · United States
800
-47
🇱🇺 Persians · Luxembourg
585
-16
🇪🇸 Celts · Spain
357
-8
Sidorovskiiy27
6:00 Loom
12:39 Feudal Age
13:21 Horse Collar
13:32 Double-Bit Axe
14:54 Wheelbarrow
15:07 Man-at-Arms
26:12 Castle Age
24:09 Stone Mining
24:12 Gold Mining
25:26 Arson
27:06 Bow Saw
27:57 Hand Cart
29:32 Heavy Plow
35:04 Imperial Age
34:54 Caravan
35:28 Fortified Wall
35:47 Long Swordsman
38:03 Chemistry
36:39 Two-Handed Swordsman
39:11 Champion
42:48 Forging
42:42 Scale Mail Armor
43:52 Coinage
45:16 Iron Casting
44:59 Chain Mail Armor
47:13 Blast Furnace
48:12 Plate Mail Armor
51:45 Elite Chu Ko Nu
64:10 Fletching
65:19 Bodkin Arrow
66:32 Bracer
67:29 Padded Archer Armor
1961861699
6:52 Loom
12:43 Feudal Age
14:27 Double-Bit Axe
17:18 Castle Age
19:47 Gold Mining
22:08 Scale Mail Armor
24:15 Forging
27:17 Wheelbarrow
28:19 Chain Mail Armor
30:52 Hand Cart
36:42 Imperial Age
35:35 Gold Shaft Mining
37:55 Conscription
39:27 Iron Casting
39:44 Scale Barding Armor
40:04 Stone Mining
40:30 Bow Saw
40:55 Husbandry
40:16 Cavalier
42:05 Chain Barding Armor
42:46 Blast Furnace
41:44 Treadmill Crane
43:42 Plate Barding Armor
52:08 Hoardings
51:36 Chivalry
51:47 Murder Holes
52:13 Ballistics
51:31 Paladin
54:17 Caravan
55:07 Elite Throwing Axeman
61:11 Plate Mail Armor
63:48 Masonry
64:39 Chemistry
63:48 Siege Engineers
63:44 Fletching
64:12 Fortified Wall
68:10 Architecture
ReflectionX4757
1:21 Loom
13:07 Feudal Age
14:25 Horse Collar
15:18 Double-Bit Axe
21:50 Padded Archer Armor
21:42 Fletching
21:58 Scale Barding Armor
21:54 Scale Mail Armor
22:05 Forging
26:32 Castle Age
25:28 Wheelbarrow
26:29 Stone Mining
26:30 Gold Mining
26:49 Gambesons
27:05 Squires
26:26 Pikeman
26:52 Arson
29:19 Bow Saw
29:53 Stone Shaft Mining
29:39 Heavy Plow
31:26 Gold Shaft Mining
32:39 Kamandaran
35:41 Hand Cart
35:46 Leather Archer Armor
35:27 Bodkin Arrow
35:53 Chain Barding Armor
35:49 Chain Mail Armor
43:43 Imperial Age
45:02 Capped Ram
46:57 Siege Ram
47:59 Halberdier
48:11 Halberdier
52:20 Masonry
52:01 Heated Shot
52:32 Ballistics
52:03 Guard Tower
52:08 Murder Holes
54:54 Guilds
55:15 Coinage
54:36 Elite War Elephant
57:52 Citadels
58:18 Hoardings
57:14 Sappers
58:05 Conscription
61:36 Two-Man Saw
63:35 Banking
64:08 Plate Barding Armor
68:30 Thumb Ring
67:46 Crossbowman
723720591
4:02 Loom
10:21 Feudal Age
10:50 Double-Bit Axe
17:25 Castle Age
15:28 Stone Mining
20:37 Horse Collar
36:00 Imperial Age
33:39 Scale Mail Armor
33:50 Forging
33:50 Heavy Plow
35:56 Forging
36:02 Chain Mail Armor
36:47 Elite Teutonic Knight
38:50 Iron Casting
39:20 Stone Shaft Mining
44:53 Conscription
46:15 Plate Mail Armor
46:46 Blast Furnace
46:54 Capped Ram
49:01 Arson
49:18 Squires
49:06 Gambesons
56:33 Onager
BIG BOPPER
9:21 Loom
11:41 Feudal Age
12:51 Double-Bit Axe
22:23 Castle Age
20:07 Horse Collar
20:46 Man-at-Arms
carlosnour
4:56 Loom
12:52 Feudal Age
15:01 Double-Bit Axe
16:20 Gold Mining
17:06 Stone Mining
17:12 Horse Collar
22:46 Castle Age
24:59 Scale Barding Armor
25:07 Forging
31:15 Bow Saw
33:30 Stronghold
34:29 Husbandry
35:05 Heavy Plow
37:28 Gold Shaft Mining
37:31 Ballistics
39:47 Wheelbarrow
42:07 Imperial Age
41:40 Wheelbarrow
42:13 Onager
43:17 Cavalier
48:01 Siege Onager
50:54 Heavy Scorpion
54:23 Chain Barding Armor
54:40 Furor Celtica
55:35 Hand Cart
55:53 Siege Engineers
57:32 Heated Shot
64:19 Iron Casting
67:38 Paladin
68:18 Elite Woad Raider
El Gringo (6ty9ne)
11:30 Feudal Age
13:03 Double-Bit Axe
21:43 Horse Collar
22:45 Wheelbarrow
26:00 Castle Age
24:54 Man-at-Arms
25:43 Scale Mail Armor
25:55 Forging
25:52 Scale Barding Armor
25:43 Stone Mining
25:46 Gold Mining
26:41 Bow Saw
26:35 Heavy Plow
28:13 Stone Shaft Mining
28:16 Gold Shaft Mining
30:25 Hand Cart
37:51 Imperial Age
37:57 Imperial Age
36:07 Iron Casting
35:33 Padded Archer Armor
37:57 Pikeman
38:40 Squires
39:55 Two-Man Saw
39:29 Crop Rotation
40:44 Crossbowman
41:33 Thumb Ring
42:27 Caravan
43:44 Elite War Elephant
45:00 Hoardings
44:26 Kamandaran
44:50 Conscription
44:41 Citadels
45:03 Conscription
44:54 Citadels
52:30 Murder Holes
52:46 Masonry
53:37 Chemistry
52:58 Ballistics
52:29 Heated Shot
59:15 Halberdier
61:37 Architecture
Afran
0:28 Loom
16:51 Feudal Age
17:20 Double-Bit Axe
17:18 Horse Collar
22:39 Castle Age
23:44 Pikeman
26:24 Forging
26:04 Fletching
26:15 Padded Archer Armor
28:04 Chemistry
29:00 Iron Casting
28:21 Bodkin Arrow
28:41 Leather Archer Armor
35:11 Bow Saw
35:04 Heavy Plow
38:33 Imperial Age
43:14 Halberdier
Connection lost

Rejoining the realm…

Still unreachable

The connection could not be restored.

Session expired

The server has moved on; the page needs a fresh start.